 Dungeon Crawl Stone Soup version 0.22-a0-877-g5c4e1af (webtiles) character file.

190 prawnwizard the Slasher (level 5, 0/41 HPs)
             Began as a Demonspawn Gladiator on July 29, 2018.
             Slain by Pikel
             ... wielding a +2 whip of flaming
              (2 damage)
             ... on level 4 of the Dungeon.
             The game lasted 00:02:16 (2643 turns).

prawnwizard the Slasher (Demonspawn Gladiator)      Turns: 2643, Time: 00:02:16

Health: 0/41       AC: 13    Str: 15    XL:     5   Next: 41%
Magic:  5/5        EV:  7    Int:  9    God:
Gold:   245        SH:  0    Dex: 15    Spells: 4/4 levels left

rFire    . . .     SeeInvis .   a - +0 long sword
rCold    . . .     Gourm    .   (no shield)
rNeg     . . .     Faith    .   h - +0 chain mail
rPois    .         Spirit   .   c - +0 helmet
rElec    .         Reflect  .   (no cloak)
rCorr    .         Harm     .   (no gloves)
MR       .....                  (no boots)
Stlth    ..........             (no amulet)
HPRegen  1.13/turn              (no ring)
MPRegen  0.09/turn              (no ring)

@: no status effects
A: iridescent scales 2, powered by death 1
a: no special abilities


You were on level 4 of the Dungeon.
You were hungry.

You visited 1 branch of the dungeon, and saw 4 of its levels.

You collected 245 gold pieces.

Inventory:

Hand Weapons
 a - a +0 long sword (weapon)
Missiles
 d - 3 throwing nets (quivered)
Armour
 b - a +0 leather armour
 c - a +0 helmet (worn)
 h - a +0 chain mail (worn)
Scrolls
 e - a scroll of enchant armour {unknown}
 g - 6 scrolls of identify {unknown}
 i - a scroll of fog {unknown}
 k - 3 scrolls of teleportation {unknown}
 m - 3 scrolls of magic mapping {unknown}
 p - a scroll of immolation {unknown}
Potions
 j - a potion of flight {unknown}
 l - a potion of resistance {unknown}
 n - a potion of curing {unknown}
 o - a potion of agility {unknown}
Comestibles
 f - 4 rations


   Skills:
 + Level 3.2 Fighting
 * Level 4.4 Long Blades
 - Level 1.7 Throwing
 + Level 3.6 Dodging


You had 4 spell levels left.
You didn't know any spells.
Your spell library was empty.

Dungeon Overview and Level Annotations

Branches:
Dungeon (4/15)
 Temple: D:4-7

Altars:
Wu Jian
The Shining One

Annotations:
D:4 Eustachio, Natasha, Pikel


Innate Abilities, Weirdness & Mutations

You are mostly covered in iridescent scales. (AC +4)
You regenerate a little health from kills.


Message History

Pikel hits you but does no damage. The hound closely misses you.
You riposte.
You hit the hound.
You kill the hound!
Pikel hits you but does no damage.
You closely miss Pikel.
Pikel is severely wounded.
Pikel hits you with a whip of flaming.
* * * LOW HITPOINT WARNING * * *
Pikel burns you.
* * * LOW HITPOINT WARNING * * *
Unknown command.
You miss Pikel.
Pikel is severely wounded.
The giant cockroach barely misses you.
You riposte.
Your chain mail prevents you from hitting the giant cockroach.
The slave barely misses you.
You riposte.
You closely miss the slave. Pikel hits you with a whip of flaming.
* * * LOW HITPOINT WARNING * * *
Pikel burns you.
You die...

####### #.....# #.....#
#####.....# #.........#
#.........#
#@########.........#
...pops@...[.......#####
...5phKp.(.......>......
#.#o#############...####
# #....... #...<...
#####...... ..........
#...#..... +...#.#.#.


You could see Eustachio, Pikel, 4 slaves, an orc priest, Natasha, a white imp,
an orc and a giant cockroach.

Vanquished Creatures
  A howler monkey (D:2)
  2 hounds (D:4)
  2 worker ants
  An ooze (D:3)
  A dart slug (D:2)
  A leopard gecko (D:2)
  A ball python (D:4)
  2 bats
  2 goblins
  3 hobgoblins
  8 jackals
  2 frilled lizards
  10 kobolds
  7 rats
43 creatures vanquished.

Vanquished Creatures (others)
  10 toadstools (D:4)
10 creatures vanquished.

Grand Total: 53 creatures vanquished

Notes
Turn   | Place    | Note
-------+----------+-------------------------------------------
     0 | D:1      | prawnwizard the Demonspawn Gladiator began the quest for the Orb.
     0 | D:1      | Reached XP level 1. HP: 16/16 MP: 1/1
   458 | D:1      | Found a glowing golden altar of the Shining One.
   468 | D:1      | Reached skill level 3 in Long Blades
   563 | D:1      | Gained mutation: You are partially covered in iridescent scales. (AC +2) [demonic ancestry]
   563 | D:1      | Reached XP level 2. HP: 22/22 MP: 2/2
  1117 | D:2      | Found a faded altar of an unknown god.
  1127 | D:2      | Noticed a howler monkey
  1138 | D:2      | Killed a howler monkey
  1138 | D:2      | Reached XP level 3. HP: 22/28 MP: 3/3
  1696 | D:3      | Found an ornate altar of the Wu Jian Council.
  1713 | D:3      | Gained mutation: You are mostly covered in iridescent scales. (AC +4) [demonic ancestry]
  1713 | D:3      | Reached XP level 4. HP: 34/34 MP: 4/4
  2243 | D:4      | Reached skill level 4 in Long Blades
  2307 | D:4      | Gained mutation: You regenerate a little health from kills. [demonic ancestry]
  2307 | D:4      | Reached XP level 5. HP: 38/41 MP: 5/5
  2323 | D:4      | Noticed an ogre
  2612 | D:4      | Noticed Pikel
  2612 | D:4      | Noticed a slave
  2612 | D:4      | Noticed a slave
  2613 | D:4      | Noticed a slave
  2615 | D:4      | Noticed a slave
  2615 | D:4      | Noticed Natasha
  2628 | D:4      | Noticed Eustachio
  2643 | D:4      | HP: 2/41 [Pikel/whip of flaming (6)]
  2643 | D:4      | Slain by Pikel

Vault maps used:
D:1:      onia_arrival_mini_spirals, tso_metal_star
D:2:      first_ration, chequers_ecumenical_altar_simple
D:3:      old_standard_altar, serial_bayou_lagoon_a, minmay_misc_feat_columns
D:4:      cheibrodos_fertilizer, ebering_ghost_rock_garden, uniq_edmund,
          uniq_pikel, uniq_eustachio, uniq_natasha

Skill      XL: |  1  2  3  4 |
---------------+-------------+-----
Long Blades    | 3 4 |  4.4
Dodging        | 3 |  3.6
Fighting       | 3 |  3.2
Throwing       | |  1.7

Action                   |  1- 3 |  4- 6 || total
-------------------------+-------+-------++-------
Melee: Long sword        |    60 |    96 ||   156
 Stab: Sleeping          |     1 |       ||     1
  Eat: Chunk             |     2 |     3 ||     5
Armor: Chain mail        |    34 |   104 ||   138
       Leather armour    |     1 |       ||     1
Dodge: Dodged            |    23 |    42 ||    65
       Rpst.: Long sword |    12 |    13 ||    25

Table legend:
 A = Spawn XP
 B = Non-spawn XP
 C = Spawn XP percentage of total XP
 D = Spawn monster count
 E = Non-spawn monster count
 F = Spawn count percentage of total count
 G = Total turns spent on level
                    A         B        C        D         E        F      G
               +---------+---------+-------+---------+---------+-------+---------
         Total |       0 |     272 |   0.0 |       0 |      43 |   0.0 |  2643
               +---------+---------+-------+---------+---------+-------+---------
           D:1 |       0 |      16 |   0.0 |       0 |      10 |   0.0 |   819
           D:2 |       0 |      75 |   0.0 |       0 |      13 |   0.0 |   815
           D:3 |       0 |      59 |   0.0 |       0 |      15 |   0.0 |   750
           D:4 |       0 |     122 |   0.0 |       0 |       5 |   0.0 |   259
               +---------+---------+-------+---------+---------+-------+---------
